 Dungeon Crawl Stone Soup version 0.32-a0-450-g080537f31e (webtiles) character file.

Game seed: 15808036965209903543

50 PriceMaster the Apothecary (level 3, -1/16 HPs)
             Began as a Spriggan Alchemist on Feb 23, 2024.
             Slain by an orc
             ... wielding a +2 flail of protection
              (7 damage)
             ... on level 3 of the Dungeon.
             The game lasted 00:02:07 (2115 turns).

PriceMaster the Apothecary (Spriggan Alchemist)     Turns: 2115, Time: 00:02:08

Health: -1/16      AC:  2    Str:  4    XL:     3   Next: 55%
Magic:  3/8        EV: 17    Int: 18    God:
Gold:   84         SH:  0    Dex: 15    Spells: 5/8 levels left

rFire   . . .        h - +0 dagger (flame)
rCold   . . .        (no shield)
rNeg    . . .        a - +0 robe
rPois   .            (helmet restricted)
rElec   .            (no cloak)
rCorr   .            (gloves unavailable)
SInv    +            (boots unavailable)
Will    .....        (no amulet)
Stlth   ++           (no ring)
HPRegen 0.22/turn    (no ring)
MPRegen 0.11/turn

%: no passive effects
@: very quick
A: very small, no large weapons, unfitting armour, see invisible, speed 3
a: no special abilities


You were on level 3 of the Dungeon.
You visited 1 branch of the dungeon, and saw 3 of its levels.

You collected 84 gold pieces.

Inventory:

Hand Weapons
 c - a +0 short sword
 h - a +0 dagger of flaming (weapon)
Armour
 a - a +0 robe (worn)
Jewellery
 m - an amulet of reflection
Scrolls
 f - a scroll of enchant armour {unknown}
 g - a scroll of identify {unknown}
 l - a scroll of poison {unknown}
 n - a scroll of immolation {unknown}
 o - a scroll of silence {unknown}
 p - 3 scrolls of vulnerability {unknown}
Potions
 d - a potion of resistance {unknown}
 e - 2 potions of attraction {unknown}
 i - 2 potions of curing {unknown}
 j - a potion of haste {unknown}
 k - 2 potions of invisibility {unknown}


   Skills:
 + Level 3.1 Dodging
 + Level 3.3 Stealth
 + Level 3.2 Spellcasting
 + Level 1.0 Conjurations
 + Level 4.2 Alchemy


You had 5 spell levels left.
You knew the following spells:

 Your Spells              Type           Power      Damage    Failure   Level
a - Sting                 Conj/Alch      48%        1d6       5%          1
b - Mercury Vapours       Alch/Air       20%        N/A       11%         2

Your spell library contained the following spells:

 Spells                   Type           Power      Damage    Failure   Level
 Mephitic Cloud           Conj/Alch/Air  9%         N/A       24%         3
 Olgreb's Toxic Radiance  Alch           18%        N/A       28%         4
 Sticky Flame             Fire/Alch      10%        2d5       56%         4


Dungeon Overview and Level Annotations

Branches:
Dungeon (3/15)

Altars:

Shops:
D:3 =


Innate Abilities, Weirdness & Mutations

You are very small and have problems with some larger weapons.
You are too small for most types of armour.
You have supernaturally acute eyesight. (SInv)
You cover ground extremely quickly. (Speed+++)


Message History

Unknown command.
You hit the orc but do no damage.
The orc is heavily wounded.
The orc misses you. The orc wizard closely misses you.
Casting: Sting (safe; 5% risk of failure)
Confirm with . or Enter, or press ? or * to list all spells.
Aiming: Sting (safe; 5% risk of failure)
Press: ? - help, Shift-Dir - straight line, f/p - orc wizard
Aim: an orc wizard, wielding a +0 dagger and wearing a +0 robe (lightly wounded, slightly transparent, very poisoned, weak, 64% to hit)
Okay, then.
The orc wizard casts a spell at you. You resist with some effort.
A bat comes into view.
Found a stone staircase leading down.
Casting: Sting (safe; 5% risk of failure)
Confirm with . or Enter, or press ? or * to list all spells.
Aiming: Sting (safe; 5% risk of failure)
Press: ? - help, Shift-Dir - straight line, f/p - orc wizard
Aim: an orc wizard, wielding a +0 dagger and wearing a +0 robe (heavily wounded, slightly transparent, poisoned, weak, 64% to hit)
The sting hits the orc.
The orc is poisoned.
The orc is heavily wounded.
The orc wizard is no longer weakened.
Your magical contamination has completely faded away.
Casting: Sting (safe; 5% risk of failure)
Confirm with . or Enter, or press ? or * to list all spells.
Aiming: Sting (safe; 5% risk of failure)
Press: ? - help, Shift-Dir - straight line, f/p - orc wizard
Aim: an orc wizard, wielding a +0 dagger and wearing a +0 robe (heavily wounded, slightly transparent, poisoned, 64% to hit)
Okay, then.
Casting: Sting (safe; 5% risk of failure)
Confirm with . or Enter, or press ? or * to list all spells.
Aiming: Mercury Vapours (safe; 11% risk of failure)
Press: ? - help, Dir - move target, f/p - orc wizard
Aim: an orc wizard, wielding a +0 dagger and wearing a +0 robe (heavily wounded, slightly transparent, poisoned, chance to weaken: 96%) Fumes of mercury billow around the orc wizard!
The orc wizard looks even sicker.
The orc wizard looks weaker.
The orc attacks as it pursues you! The orc closely misses you.
The orc attacks as it pursues you!
The orc hits you with a +2 flail of protection!
You die...

#..#.. .#... ..#.####
......# #....b# #..
#....># ... #.....# #.#
#..@..# #.. ####o### #.#
##....# #)####.# #....o#
#.o....# # #..##.#
######.# #.##...#.#
#......#
#........###.############
####.........# #.......#
#.....##### #.#####.#


You could see an orc wizard (invisible, very poisoned, weak), an orc (poisoned)
and a bat (asleep).

Vanquished Creatures
  An adder (D:2)
  A ribbon worm (D:2)
  2 orcs (D:3)
  4 endoplasms
  5 goblins
  2 hobgoblins
  6 kobolds
  3 quokkas (D:2)
  5 ball pythons
  A bat (D:2)
  2 frilled lizards (D:2)
  4 rats
36 creatures vanquished.

Notes
Turn   | Place    | Note
-------+----------+-------------------------------------------
     0 | D:1      | PriceMaster the Spriggan Alchemist began the quest for the
                  | Orb.
     0 | D:1      | Reached XP level 1. HP: 9/9 MP: 5/5
   430 | D:1      | Reached XP level 2. HP: 13/13 MP: 3/6
   861 | D:2      | Found a faded altar of an unknown god.
   921 | D:2      | Reached skill level 4 in Alchemy
  1128 | D:2      | Identified the +0 robe "Agiyczur" {Rampage rElec rCorr
                  | Int-5}
  1306 | D:2      | Reached skill level 1 in Conjurations
  1306 | D:2      | Reached XP level 3. HP: 7/16 MP: 1/8
  1309 | D:2      | Learned a level 2 spell: Mercury Vapours
  2015 | D:3      | Found Osiusof's Jewellery Boutique.
  2115 | D:3      | Slain by an orc

Illustrated notes

Levels and vault maps discovered:
D:1:      minmay_arrival_split_and_join, layout_basic
D:2:      cheibrodos_old_hovel, layout_basic, chequers_ecumenical_altar_island
D:3:      layout_loops_cross, pdpol_temple_overflow_zin_treasury_gozag_greed,
          tso_altar, mainiacjoe_overflow_alcove_3, serial_shops,
          nicolae_diamond_shop, minmay_misc_feat_diagonals, uniq_sigmund

Skill      XL: |  1  2 |
---------------+-------+-----
Dodging        | 3 |  3.1
Alchemy        | 4 |  4.2
Spellcasting   | 3 |  3.2
Conjurations   | 1 |  1.0
Stealth        | |  3.3

Action                     || total
---------------------------++-------
  Melee: Unarmed           ||     3
         Short sword       ||     9
         Dagger            ||    19
   Cast: Sting             ||    71
         Mercury Vapours   ||     9
    Use: Potion            ||     1
 Armour: Robe              ||    16
  Dodge: Dodged            ||    60

Table legend: (Time is in decaauts)
 A = Elapsed time spent in this place.
 B = Non-inter-level travel time spent in this place.
 C = Inter-level travel time spent in this place.
 D = Time resting spent in this place.
 E = Time spent auto-exploring this place.
 F = Levels seen in this place.
 G = Mean time per level.
                   A        B        C        D        E       F      G
               +--------+--------+--------+--------+--------+-----+--------+
         Total |   1602 |   1555 |     47 |     50 |   1295 |   3 |  534.0 |
       Dungeon |   1602 |   1555 |     47 |     50 |   1295 |   3 |  534.0 |
               +--------+--------+--------+--------+--------+-----+--------+

Top non-repeatable levels by time:
     D:2: 874 daAuts
     D:1: 653 daAuts
     D:3: 74 daAuts
